 Dungeon Crawl Stone Soup version 0.21.0 (webtiles) character file.

269 Gaball the Ruffian (level 6, -6/51 HPs)
             Began as a Ghoul Monk on Jan 7, 2018.
             Mangled by a gnoll
             ... wielding a +1 whip of electrocution
              (16 damage)
             ... on level 4 of the Dungeon.
             The game lasted 00:12:54 (4196 turns).

Gaball the Ruffian (Ghoul Monk)                     Turns: 4196, Time: 00:12:55

Health: -6/51      AC:  8    Str: 17    XL:     6   Next: 22%
Magic:  5/5        EV: 10    Int:  5    God:
Gold:   193        SH:  0    Dex: 11    Spells: 5/5 levels left

rFire    . . .     SeeInvis .     - Unarmed
rCold    + . .     Gourm    .   (no shield)
rNeg     + + +     Faith    .   m - +0 scale mail
rPois    ∞         Spirit   .   j - +1 helmet
rElec    .         Reflect  .   (no cloak)
rCorr    .         Harm     .   (no gloves)
MR       +....                  (no boots)
Stlth    ..........             (no amulet)
HPRegen  0.00/turn              c - ring of protection from magic
MPRegen  0.09/turn              (no ring)

@: rotting
A: rotting body, claws 1, carnivore, cold resistance 1, negative energy
resistance 3, inhibited regeneration, torment resistance, unbreathing
a: no special abilities


You were on level 4 of the Dungeon.
You were not hungry.

You visited 1 branch of the dungeon, and saw 5 of its levels.

You collected 193 gold pieces.

Inventory:

Armour
 a - a +0 robe
 i - a +0 ring mail
 j - a +1 helmet (worn)
 m - a +0 scale mail (worn)
 q - the +0 leather armour of Submission {-Tele rElec rPois Slay+3}
   (You found it on level 4 of the Dungeon)

   It affects your accuracy and damage with ranged weapons and melee attacks
   (+3).
   It insulates you from electricity.
   It protects you from poison.
   It prevents most forms of teleportation.
Jewellery
 c - a ring of protection from magic (left claw)
Scrolls
 f - a scroll of teleportation
 l - a scroll of enchant armour {unknown}
 p - 2 scrolls of identify
Potions
 d - 3 potions of lignification {unknown}
 e - 2 potions of heal wounds {unknown}
 g - 2 potions of curing {unknown}
 h - 2 potions of might {unknown}
 k - a potion of resistance {unknown}
 o - a potion of berserk rage {unknown}
 r - a potion of cancellation {unknown}
Books
 n - a book of the Tempests

   Spells                             Type                      Level
   a - Static Discharge               Conjuration/Air              3
   b - Lightning Bolt                 Conjuration/Air              5
   c - Ignition                       Fire                         8
   d - Tornado                        Air                          9
   e - Shatter                        Earth                        9
Comestibles
 b - 6 rations


   Skills:
 - Level 3.2 Fighting
 - Level 2.6 Dodging
 - Level 2.1 Stealth
 + Level 7.4 Unarmed Combat


You had 5 spell levels left.
You didn't know any spells.

Dungeon Overview and Level Annotations

Branches:
Dungeon (5/15)
 Temple: D:4-7

Altars:
Elyvilon

Annotations:
D:2 2 exclusions
D:4 1 exclusion


Innate Abilities, Weirdness & Mutations

Your body is rotting away.
You thrive on raw meat.
You are immune to poison.
You have sharp fingernails.
You are carnivorous and can eat meat at any time.
Your flesh is cold resistant. (rC+)
You are immune to negative energy. (rN+++)
You do not regenerate when monsters are visible.
You are immune to unholy pain and torment.
You can survive without breathing.


Message History

The gnoll hits you but does no damage. The gnoll hits you with a spear.
You barely miss the gnoll.
The gnoll is severely wounded.
The gnoll hits you but does no damage.
You are electrocuted!
The gnoll hits you with a spear.
You are too injured to fight recklessly!
The gnoll hits you but does no damage.
There is a stone staircase leading up here.
The gnoll hits you but does no damage.
The gnoll hits you from afar with a spear.
* * * LOW HITPOINT WARNING * * *
You climb upwards.
Level annotation: 1 exclusion
There is a stone staircase leading down here.
You scratch the gnoll but do no damage. You scratch the gnoll but do no damage.
The gnoll hits you with a whip of electrocution.
* * * LOW HITPOINT WARNING * * *
You are electrocuted!
You die...

#.#####.....# #....(# ####.
#.. #....#..# #.###.# #.
###.#.......# #.##..# #.
#....###..####.##.##
####.###..##......##
#....).##.......##
#.O##.)..........######.
######.)###.##.......)<.[....
#.........#..@g......#########
#.#####...#..##.###.## #.
#......###.#.## #.#
##..##.####.# ..#
#..#..O..#.######
#.####..#.###.#.##..<## #
#........# #.......o.## #.
#......#.###.#.....O..# #.#
##..###.#.....#........#


You could see a gnoll.

Vanquished Creatures
  A scorpion (D:4)
  Jessica (D:3)
  A worker ant (D:4)
  Natasha (D:3)
  3 gnolls
  2 adders (D:3)
  An ooze (D:1)
  4 worms
  2 leopard geckos (D:4)
  13 orcs
  A ball python (D:4)
  6 giant cockroaches
  4 hobgoblins
  2 quokkas
  6 bats
  3 frilled lizards
  9 goblins
  6 kobolds
  A quokka skeleton (D:4)
  5 rats
72 creatures vanquished.

Notes
Turn   | Place    | Note
-------+----------+-------------------------------------------
     0 | D:1      | Gaball the Ghoul Monk began the quest for the Orb.
     0 | D:1      | Reached XP level 1. HP: 19/19 MP: 0/0
   485 | D:1      | Reached XP level 2. HP: 21/26 MP: 1/1
   501 | D:1      | Reached skill level 4 in Unarmed Combat
  1194 | D:2      | Reached XP level 3. HP: 14/30 MP: 2/2
  1920 | D:2      | Found a white marble altar of Elyvilon.
  2048 | D:3      | Reached skill level 5 in Unarmed Combat
  2175 | D:3      | Noticed Jessica
  2191 | D:3      | Killed Jessica
  2191 | D:3      | Reached XP level 4. HP: 32/38 MP: 3/3
  2527 | D:3      | Reached skill level 6 in Unarmed Combat
  2745 | D:3      | Reached XP level 5. HP: 30/45 MP: 4/4
  3017 | D:4      | Noticed Natasha
  3235 | D:4      | Noticed an ogre
  3326 | D:4      | Got an obsidian-encrusted leather armour
  3337 | D:4      | Identified the +0 leather armour of Submission {-Tele rElec rPois Slay+3} (You found it on level 4 of the Dungeon)
  3708 | D:3      | Killed Natasha
  3752 | D:4      | Reached skill level 7 in Unarmed Combat
  3752 | D:4      | Reached XP level 6. HP: 51/51 MP: 5/5
  4080 | D:5      | Entered Level 5 of the Dungeon
  4113 | D:5      | Noticed a hippogriff
  4196 | D:4      | Mangled by a gnoll

Skill      XL: |  1  2  3  4  5 |
---------------+----------------+-----
Unarmed Combat | 4 5 6 7 |  7.4
Fighting       | |  3.2
Dodging        | |  2.6
Stealth        | |  2.1

Action                   |  1- 3 |  4- 6 || total
-------------------------+-------+-------++-------
Melee: Unarmed           |   132 |   137 ||   269
       Punch             |     2 |     4 ||     6
  Use: Scroll            |       |     5 ||     5
 Stab: Sleeping          |     2 |       ||     2
  Eat: Chunk             |     4 |     7 ||    11
Armor: Robe              |     5 |       ||     5
       Ring mail         |    23 |     5 ||    28
       Scale mail        |       |    40 ||    40
Dodge: Dodged            |    65 |    58 ||   123
